TOP OF THE 1ST |
---|
John Jay HS Patriots batting - Pitching for Bishop Verot HS : RHP Ernie Brown | Pitching: RHP Ernie Brown | | Batting: RHB Ronald Cleveland | 0-0: Called Strike 0-1: Foul Ball, location: 2F 0-2: Ball 1-2: Ball 2-2: Foul Ball, location: 2F 2-2: Foul Ball, location: 2F 2-2: Fly out, F8 (Flyball, 8LS) | Batting: SHB José Cuevas | 0-0: Ball 1-0: Called Strike 1-1: Called Strike 1-2: Foul Ball, location: 2F 1-2: Ball 2-2: Foul Ball, location: 2F 2-2: Ball 3-2: Base on Balls | Batting: SHB Luis Peña | 0-0: Foul Ball, location: 2F 0-1: Ball 1-1: SINGLE (Line Drive, 34D) José Cuevas to second | Batting: RHB Gunnar Wallace | 0-0: Called Strike 0-1: Foul Ball, location: 2F 0-2: Ball 1-2: Ball 2-2: Strikes out swinging | Batting: LHB Dean Kelly | 0-0: Ball 1-0: Foul Ball, location: 2F 1-1: Called Strike 1-2: Hit by Pitch José Cuevas to third Luis Peña to second | Batting: RHB Kevin Hawkins | 0-0: Ball 1-0: Ball 2-0: Foul Ball, location: 2F 2-1: Ground out 1-3 (Groundball, 13S) | Top of the 1st over - 0 runs, 1 hit, 0 errors, 3 left on base; John Jay HS 0 - Bishop Verot HS 0 | BOTTOM OF THE 1ST |
---|
Bishop Verot HS batting - Pitching for John Jay HS Patriots : LHP Darryl Salas | Pitching: LHP Darryl Salas | | Batting: RHB Rafael Sánchez | 0-0: Called Strike 0-1: Ball 1-1: Called Strike 1-2: Foul Ball, location: 2F 1-2: Foul Ball, location: 2F 1-2: Foul Ball, location: 2F 1-2: Foul Ball, location: 2F 1-2: Foul Ball, location: 2F 1-2: Foul Ball, location: 2F 1-2: Ball 2-2: Foul Ball, location: 2F 2-2: DOUBLE (Groundball, 3L) | Batting: SHB Paul Johnson | 0-0: Ball 1-0: Ball 2-0: Ball 3-0: Called Strike 3-1: Swinging Strike 3-2: Fly out, F6 (Flyball, 6MD) | Batting: RHB Jorge Franco | 0-0: Ball 1-0: Ball 2-0: Ball 3-0: Called Strike 3-1: Base on Balls | Batting: RHB Frank Rangel | 0-0: Fly out, F5 (Line Drive, 56) | Batting: LHB Fred Peters | 0-0: Called Strike 0-1: Fly out, F8 (Flyball, 8LS) | Bottom of the 1st over - 0 runs, 1 hit, 0 errors, 2 left on base; John Jay HS 0 - Bishop Verot HS 0 | TOP OF THE 2ND |
---|
John Jay HS Patriots batting - Pitching for Bishop Verot HS : RHP Ernie Brown | Batting: RHB Wyatt Wallace | 0-0: Called Strike 0-1: Ball 1-1: Ball 2-1: Swinging Strike 2-2: Foul Ball, location: 2F 2-2: Foul Ball, location: 2F 2-2: Ball 3-2: Base on Balls | Batting: SHB Oliver Miles | 0-0: Ball 1-0: SINGLE (Flyball, 89S) Wyatt Wallace to second Runner from 2nd tries for 3rd, SAFE, throw made to third | Batting: RHB Kelly Frey | 0-0: SINGLE (Groundball, 56) (infield hit) Wyatt Wallace scores Oliver Miles to second | Batting: RHB Ronald Cleveland | 0-0: Called Strike 0-1: Ball 1-1: Ball 2-1: Foul Ball, location: 2F 2-2: Ball Wild Pitch! Oliver Miles to third Kelly Frey to second 3-2: Base on Balls | Batting: SHB José Cuevas | 0-0: Ball 1-0: Ball 2-0: Ball 3-0: Base on Balls Oliver Miles scores Kelly Frey to third Ronald Cleveland to second | Batting: SHB Luis Peña | 0-0: Foul Ball, location: 2F 0-1: Foul Ball, location: 2F 0-2: Ball 1-2: Foul Ball, location: 2F 1-2: Foul Ball, location: 2F 1-2: Ball 2-2: Foul Ball, location: 2F 2-2: Ball 3-2: Foul Ball, location: 2F 3-2: Foul Ball, location: 2F 3-2: SINGLE (Groundball, 34D) Kelly Frey scores Ronald Cleveland to third José Cuevas to second Runner from 3rd tries for Home, SAFE, throw made home | Batting: RHB Gunnar Wallace | 0-0: Swinging Strike 0-1: Grounds into double play, 4-6-3 (Groundball, 4) José Cuevas to third | Batting: LHB Dean Kelly | 0-0: Ball 1-0: SINGLE (Line Drive, 34) José Cuevas scores | Batting: RHB Kevin Hawkins | 0-0: Called Strike 0-1: SINGLE (Line Drive, 4M) Dean Kelly to second Runner from 2nd tries for 3rd, SAFE, no throw | Batting: RHB Wyatt Wallace | 0-0: Called Strike 0-1: Ball 1-1: Ball 2-1: Fly out, F3 (Popup, 13S) | Top of the 2nd over - 5 runs, 5 hits, 0 errors, 2 left on base; John Jay HS 5 - Bishop Verot HS 0 | BOTTOM OF THE 2ND |
---|
Bishop Verot HS batting - Pitching for John Jay HS Patriots : LHP Darryl Salas | Batting: RHB Ken O'Quinn | 0-0: Ground out 6-3 (Groundball, 6) | Batting: LHB Mario Rodríguez | 0-0: Ball 1-0: Swinging Strike 1-1: Ball 2-1: Ball 3-1: Swinging Strike 3-2: Foul Ball, location: 2F 3-2: Strikes out looking and he ARGUES THE CALL AND IS TOSSED! | Batting: RHB Adam Trujillo | 0-0: Ball 1-0: Ball 2-0: Swinging Strike 2-1: Ball 3-1: Base on Balls | Batting: LHB Mike MacNamara | 0-0: Fly out, F8 (Flyball, 89D) | Bottom of the 2nd over - 0 runs, 0 hits, 0 errors, 1 left on base; John Jay HS 5 - Bishop Verot HS 0 | TOP OF THE 3RD |
---|
John Jay HS Patriots batting - Pitching for Bishop Verot HS : RHP Ernie Brown | Now at 1B: Steven Bottoms | | Batting: SHB Oliver Miles | 0-0: Called Strike 0-1: Ball 1-1: Foul Ball, location: 2F 1-2: Foul Ball, location: 2F 1-2: Foul Ball, location: 2F 1-2: Strikes out swinging | Batting: RHB Kelly Frey | 0-0: Ball 1-0: Called Strike 1-1: Ball 2-1: Ball 3-1: Base on Balls | Pitching: LHP Ron Orr | | Batting: RHB Ronald Cleveland | 0-0: Fly out, F8 (Line Drive, 89D) | Batting: SHB José Cuevas | 0-0: SINGLE (Line Drive, 6M) Kelly Frey to second Runner from 2nd tries for 3rd, SAFE, throw made to third | Batting: SHB Luis Peña | 0-0: Called Strike 0-1: Swinging Strike 0-2: Strikes out swinging | Top of the 3rd over - 0 runs, 1 hit, 0 errors, 2 left on base; John Jay HS 5 - Bishop Verot HS 0 | BOTTOM OF THE 3RD |
---|
Bishop Verot HS batting - Pitching for John Jay HS Patriots : LHP Darryl Salas | Batting: RHB Rafael Sánchez | 0-0: Called Strike 0-1: Swinging Strike 0-2: Strikes out looking | Batting: SHB Paul Johnson | 0-0: Foul Ball, location: 2F 0-1: SINGLE (Groundball, 56D) | Batting: RHB Jorge Franco | 0-0: Ball 1-0: Foul Ball, location: 2F 1-1: Ball 2-1: Grounds into double play, 5-4-3 (Groundball, 56) | Bottom of the 3rd over - 0 runs, 1 hit, 0 errors, 0 left on base; John Jay HS 5 - Bishop Verot HS 0 | TOP OF THE 4TH |
---|
John Jay HS Patriots batting - Pitching for Bishop Verot HS : LHP Ron Orr | Batting: RHB Gunnar Wallace | 0-0: Ball 1-0: Ground out 6-3 (Groundball, 6) | Batting: LHB Dean Kelly | 0-0: Ball 1-0: Ball 2-0: Ball 3-0: Base on Balls | Batting: RHB Kevin Hawkins | 0-0: Ball 1-0: Swinging Strike Dean Kelly steals 2nd base 1-1: Ball 2-1: Ball 3-1: Base on Balls | Batting: RHB Wyatt Wallace | 0-0: Swinging Strike 0-1: DOUBLE (Line Drive, 7LM) Dean Kelly scores Kevin Hawkins to third | Batting: SHB Oliver Miles | 0-0: Ball 1-0: Ball 2-0: Called Strike 2-1: Ball 3-1: Base on Balls | Batting: RHB Kelly Frey | 0-0: Ball 1-0: Ball 2-0: Ball 3-0: Called Strike 3-1: Base on Balls Kevin Hawkins scores Wyatt Wallace to third Oliver Miles to second | Batting: RHB Ronald Cleveland | 0-0: Foul Ball, location: 2F 0-1: Ball 1-1: Ball 2-1: Fly out, F6 (Popup, 6MD) | Batting: SHB José Cuevas | 0-0: Ball 1-0: Called Strike 1-1: Ball 2-1: Ball 3-1: Called Strike 3-2: Base on Balls Wyatt Wallace scores Oliver Miles to third Kelly Frey to second | Batting: SHB Luis Peña | 0-0: Ball 1-0: Foul Ball, location: 2F 1-1: Ball 2-1: Reached on error, E3 (Groundball, 34) Oliver Miles scores Kelly Frey to third José Cuevas to second | Pitching: RHP Jesse Mitchell | | Batting: RHB Gunnar Wallace | 0-0: Ball 1-0: Swinging Strike 1-1: Foul Ball, location: 2F 1-2: Ball 2-2: Strikes out swinging | Top of the 4th over - 4 runs, 1 hit, 1 error, 3 left on base; John Jay HS 9 - Bishop Verot HS 0 | BOTTOM OF THE 4TH |
---|
Bishop Verot HS batting - Pitching for John Jay HS Patriots : LHP Darryl Salas | Batting: RHB Frank Rangel | 0-0: Ball 1-0: Called Strike 1-1: Ball 2-1: Foul Ball, location: 2F 2-2: Foul Ball, location: 2F 2-2: Ball 3-2: Base on Balls | Batting: LHB Fred Peters | 0-0: Ball 1-0: Called Strike 1-1: Foul Ball, location: 2F 1-2: Strikes out swinging | Batting: RHB Ken O'Quinn | 0-0: Ball 1-0: Ball 2-0: Called Strike 2-1: Ball Wild Pitch! Frank Rangel to second 3-1: Base on Balls | Batting: RHB Steven Bottoms | 0-0: Called Strike 0-1: Foul Ball, location: 2F 0-2: Strikes out looking | Batting: RHB Adam Trujillo | 0-0: Ball 1-0: Called Strike 1-1: Foul Ball, location: 2F 1-2: SINGLE (Line Drive, 78S) Frank Rangel to third Ken O'Quinn to second Runner from 3rd tries for Home, SAFE, throw made home | Batting: LHB Mike MacNamara | 0-0: Ball 1-0: Ball 2-0: Foul Ball, location: 2F 2-1: Called Strike 2-2: Strikes out swinging | Bottom of the 4th over - 1 run, 1 hit, 0 errors, 2 left on base; John Jay HS 9 - Bishop Verot HS 1 | TOP OF THE 5TH |
---|
John Jay HS Patriots batting - Pitching for Bishop Verot HS : RHP Jesse Mitchell | Batting: LHB Dean Kelly | 0-0: Ball 1-0: Called Strike 1-1: Foul Ball, location: 2F 1-2: Ball 2-2: Foul Ball, location: 2F 2-2: Ball 3-2: Strikes out swinging | Batting: RHB Kevin Hawkins | 0-0: SINGLE (Groundball, 3D) | Batting: RHB Wyatt Wallace | 0-0: Called Strike 0-1: Ball 1-1: Ball 2-1: Foul Ball, location: 2F 2-2: Foul Ball, location: 2F 2-2: Ball 3-2: Strikes out swinging Kevin Hawkins is caught stealing 2nd base Batter strikes out. | Top of the 5th over - 0 runs, 1 hit, 0 errors, 0 left on base; John Jay HS 9 - Bishop Verot HS 1 | BOTTOM OF THE 5TH |
---|
Bishop Verot HS batting - Pitching for John Jay HS Patriots : LHP Darryl Salas | Batting: RHB Rafael Sánchez | 0-0: SOLO HOME RUN (Flyball, 7LD), Distance : 351 ft | Batting: SHB Paul Johnson | 0-0: Called Strike 0-1: Foul Ball, location: 2F 0-2: Strikes out swinging | Pitching: RHP Luis Wilson | | Batting: RHB Jorge Franco | 0-0: Called Strike 0-1: Ground out 4-3 (Groundball, 34) | Batting: RHB Frank Rangel | 0-0: Called Strike 0-1: Foul Ball, location: 2F 0-2: Strikes out looking | Bottom of the 5th over - 1 run, 1 hit, 0 errors, 0 left on base; John Jay HS 9 - Bishop Verot HS 2 | TOP OF THE 6TH |
---|
John Jay HS Patriots batting - Pitching for Bishop Verot HS : RHP Jesse Mitchell | Batting: SHB Oliver Miles | 0-0: Ball 1-0: Ball 2-0: Foul Ball, location: 2F 2-1: Swinging Strike 2-2: Strikes out looking | Batting: RHB Kelly Frey | 0-0: Called Strike 0-1: Hit by Pitch | Batting: RHB Ronald Cleveland | 0-0: Swinging Strike 0-1: Ball 1-1: Ball 2-1: Foul Ball, location: 2F 2-2: Ball 3-2: DOUBLE (Line Drive, 9LD) Kelly Frey to third | Batting: SHB José Cuevas | 0-0: Foul Ball, location: 2F 0-1: Ground out 5-3 (Groundball, 56) | Batting: SHB Luis Peña | 0-0: Called Strike 0-1: Foul Ball, location: 2F 0-2: Foul Ball, location: 2F 0-2: Foul Ball, location: 2F 0-2: SINGLE (Line Drive, 7S) Kelly Frey scores Ronald Cleveland to third Runner from 3rd tries for Home, SAFE, no throw | Batting: RHB Gunnar Wallace | 0-0: Ball 1-0: Foul Ball, location: 2F 1-1: Foul Ball, location: 2F 1-2: Strikes out swinging | Top of the 6th over - 2 runs, 2 hits, 0 errors, 1 left on base; John Jay HS 11 - Bishop Verot HS 2 | BOTTOM OF THE 6TH |
---|
Bishop Verot HS batting - Pitching for John Jay HS Patriots : RHP Luis Wilson | Batting: LHB Fred Peters | 0-0: Called Strike 0-1: Hit by Pitch | Batting: RHB Ken O'Quinn | 0-0: Ball 1-0: Ball 2-0: Grounds into double play, 5-4-3 (Groundball, 56) | Batting: RHB Steven Bottoms | 0-0: Ball 1-0: Called Strike 1-1: Ball 2-1: Fly out, F3 (Line Drive, 34) | Bottom of the 6th over - 0 runs, 0 hits, 0 errors, 0 left on base; John Jay HS 11 - Bishop Verot HS 2 | TOP OF THE 7TH |
---|
John Jay HS Patriots batting - Pitching for Bishop Verot HS : RHP Jesse Mitchell | Batting: LHB Dean Kelly | 0-0: Called Strike 0-1: Ball 1-1: Called Strike 1-2: Foul Ball, location: 2F 1-2: Ball 2-2: Fly out, F9 (Line Drive, 9) | Batting: RHB Kevin Hawkins | 0-0: Called Strike 0-1: Ball 1-1: Fly out, F8 (Flyball, 8RD) | Batting: RHB Wyatt Wallace | 0-0: Called Strike 0-1: Ball 1-1: Called Strike 1-2: Strikes out swinging | Top of the 7th over - 0 runs, 0 hits, 0 errors, 0 left on base; John Jay HS 11 - Bishop Verot HS 2 | BOTTOM OF THE 7TH |
---|
Bishop Verot HS batting - Pitching for John Jay HS Patriots : RHP Luis Wilson | Batting: RHB Adam Trujillo | 0-0: Called Strike 0-1: Swinging Strike 0-2: Foul Ball, location: 2F 0-2: Ball 1-2: Strikes out swinging | Batting: LHB Mike MacNamara | 0-0: Ball 1-0: Ball 2-0: Called Strike 2-1: Foul Ball, location: 2F 2-2: Ground out 6-3 (Groundball, 6) | Batting: RHB Rafael Sánchez | 0-0: Ball 1-0: Ball 2-0: Ball 3-0: Base on Balls | Batting: SHB Paul Johnson | 0-0: Swinging Strike 0-1: Swinging Strike 0-2: Strikes out swinging | Bottom of the 7th over - 0 runs, 0 hits, 0 errors, 1 left on base; John Jay HS 11 - Bishop Verot HS 2 | TOP OF THE 8TH |
---|
John Jay HS Patriots batting - Pitching for Bishop Verot HS : RHP Jesse Mitchell | Batting: SHB Oliver Miles | 0-0: Foul Ball, location: 2F 0-1: Swinging Strike 0-2: Foul Ball, location: 2F 0-2: Ball 1-2: Ball 2-2: Reached on error, E1 (Groundball, P) | Pitching: RHP Donovan Hatfield | | Batting: RHB Kelly Frey | 0-0: Called Strike 0-1: Swinging Strike 0-2: Strikes out swinging | Batting: RHB Ronald Cleveland | 0-0: Called Strike 0-1: Foul Ball, location: 2F 0-2: Ground out 6-3 (Groundball, 6) Oliver Miles to third | Batting: SHB José Cuevas | 0-0: Hit by Pitch | Batting: SHB Luis Peña | 0-0: Called Strike 0-1: Called Strike 0-2: Foul Ball, location: 2F 0-2: Ball 1-2: Foul Ball, location: 2F 1-2: Foul Ball, location: 2F 1-2: Ball 2-2: Ball 3-2: Foul Ball, location: 2F 3-2: Foul Ball, location: 2F 3-2: Fly out, F9 (Flyball, 9S) | Top of the 8th over - 0 runs, 0 hits, 1 error, 2 left on base; John Jay HS 11 - Bishop Verot HS 2 | BOTTOM OF THE 8TH |
---|
Bishop Verot HS batting - Pitching for John Jay HS Patriots : RHP Luis Wilson | Batting: RHB Jorge Franco | 0-0: Called Strike 0-1: Foul Ball, location: 2F 0-2: Ball 1-2: Fly out, F7 (Flyball, 78D) | Batting: RHB Frank Rangel | 0-0: Foul Ball, location: 2F 0-1: Fly out, F7 (Flyball, 78S) | Batting: LHB Fred Peters | 0-0: Ball 1-0: Ball 2-0: Foul Ball, location: 2F 2-1: Foul Ball, location: 2F 2-2: Ball 3-2: SINGLE (Line Drive, 4) | Batting: RHB Ken O'Quinn | 0-0: Ball 1-0: Foul Ball, location: 2F 1-1: Ball 2-1: Swinging Strike 2-2: Strikes out swinging | Bottom of the 8th over - 0 runs, 1 hit, 0 errors, 1 left on base; John Jay HS 11 - Bishop Verot HS 2 | TOP OF THE 9TH |
---|
John Jay HS Patriots batting - Pitching for Bishop Verot HS : RHP Donovan Hatfield | Pitching: RHP Mike Wagner | | Batting: RHB Gunnar Wallace | 0-0: Ball 1-0: Called Strike 1-1: Foul Ball, location: 2F 1-2: Ball 2-2: Ball 3-2: Ground out 4-3 (Groundball, 4) | Batting: LHB Dean Kelly | 0-0: Ball 1-0: Called Strike 1-1: Foul Ball, location: 2F 1-2: Ball 2-2: Ball 3-2: Foul Ball, location: 2F 3-2: Ground out 6-3 (Groundball, 6) | Batting: RHB Kevin Hawkins | 0-0: Reached on error, E9 (Flyball, 9D) | Batting: RHB Wyatt Wallace | 0-0: Ball 1-0: Ball 2-0: Ball 3-0: Called Strike 3-1: Base on Balls | Batting: SHB Oliver Miles | 0-0: Ball 1-0: Called Strike 1-1: Foul Ball, location: 2F 1-2: Ball 2-2: Ball 3-2: Foul Ball, location: 2F 3-2: Ground out 3-1 (Groundball, 34S) | Top of the 9th over - 0 runs, 0 hits, 1 error, 2 left on base; John Jay HS 11 - Bishop Verot HS 2 | BOTTOM OF THE 9TH |
---|
Bishop Verot HS batting - Pitching for John Jay HS Patriots : RHP Luis Wilson | Batting: RHB Steven Bottoms | 0-0: Called Strike 0-1: SINGLE (Flyball, 89M) | Pitching: RHP Edgar Bailey | | Batting: RHB Adam Trujillo | 0-0: Ball 1-0: Foul Ball, location: 2F 1-1: Ball 2-1: Ball 3-1: Grounds into double play, 6-4-3 (Groundball, 6) | Batting: LHB Mike MacNamara | 0-0: Ball 1-0: Ball 2-0: Ball 3-0: Called Strike 3-1: Ground out U3 (Groundball, 3) | Bottom of the 9th over - 0 runs, 1 hit, 0 errors, 0 left on base; John Jay HS 11 - Bishop Verot HS 2 | |